Map: Acropolis LE

Players

Mez

  • Race: Terran Terran
  • League: Master
  • Spawn Location: 11:00

McGregor - Winner!

  • Race: Terran Terran
  • League: Master
  • Spawn Location: 5:00

VOD

Have the link to the VOD?

Description

Time

  • Played on: Aug. 19, 2019, 11:31 a.m.
  • Length: 4:07
Show
View Real Time Build Order
Export as new Build Order

Mez Terran 

Build Orders: Gas First Reaper Expand 

Get SALT Encoding   

  12  0:01  SCV  
  13  0:13  SCV  
  14  0:17  Supply Depot  
  14  0:25  SCV  
  14  0:27  Refinery  
  15  0:39  SCV  
  16  0:45  Barracks  
  16  0:51  SCV  
  17  1:03  SCV  
  18  1:15  SCV  
  19  1:31  Reaper, Orbital Command  
  20  1:43  Command Center  
  20  1:53  Factory  
  20  1:57  SCV  
  21  2:07  Supply Depot  
  21  2:08  Barracks Reactor  
  21  2:10  SCV  
  22  2:19  Refinery  
  22  2:22  SCV  
  23  2:34  SCV  
  23  2:38  Hellion  
  22  2:51  Marine x2  
  24  3:00  Hellion  
  25  3:12  SCV  
  26  3:19  Marine  
  26  3:20  Marine  
  26  3:22  Factory Tech Lab  
  26  3:23  Starport  
  26  3:24  SCV  
  29  3:36  SCV  
  29  3:37  Marine  
  29  3:40  Marine  
  32  3:41  Orbital Command  
  26  4:06  Starport Tech Lab  
Show
View Real Time Build Order
Export as new Build Order

McGregor Terran - Winner!

Build Orders: 1/1/1 

Get SALT Encoding   

  12  0:00  SCV  
  13  0:13  SCV  
  14  0:17  Supply Depot  
  14  0:25  SCV  
  14  0:27  Refinery  
  15  0:38  SCV  
  16  0:45  Barracks  
  16  0:50  SCV  
  16  0:55  Refinery  
  17  1:02  SCV  
  18  1:15  SCV  
  19  1:32  Reaper, Orbital Command  
  20  1:36  Factory  
  20  1:44  Supply Depot  
  20  1:57  SCV  
  21  2:04  Reaper  
  22  2:11  SCV  
  23  2:19  Hellion  
  23  2:22  Starport  
  25  2:23  SCV  
  25  2:27  Supply Depot  
  26  2:35  SCV  
  26  2:36  Reaper  
  28  2:47  Hellion  
  28  2:48  SCV  
  31  3:01  Starport Tech Lab  
  31  3:16  Barracks Reactor, Factory Tech Lab  
  31  3:18  SCV  
  32  3:22  Raven  
  32  3:25  Command Center  
  34  3:27  Supply Depot  
  34  3:32  SCV  
Tags
 
Add a new tag
Caveats
  • Supply blocks, unpowered buildings, or Contaminate may cause inaccurate times.
  • Supply counts are checked every 10 seconds.